 Dungeon Crawl Stone Soup version 0.25-a0-56-g68f8618 (console) character file.

Game seed: 3285366375950753903, levelgen mode: deterministic

743304 swinepaste the Crack Shot (level 27, -11/250 HPs)
             Began as a Centaur Arcane Marksman on Oct 25, 2019.
             Was the Champion of Okawaru.
             Mangled by an Orb Guardian (41 damage)
             ... on level 5 of the Realm of Zot on Oct 30, 2019.
             The game lasted 06:47:52 (109788 turns).

swinepaste the Crack Shot (CeAM)                  Turns: 109788, Time: 06:47:52

Health: -11/250    AC: 42    Str: 19      XL:     27
Magic:  32/38      EV: 28    Int: 29      God:    Okawaru [******]
Gold:   2840       SH:  0    Dex: 26 (27) Spells: 0/48 levels left

rFire    + + +     SeeInvis .   a - +9 longbow (freeze)
rCold    + . .     Gourm    .   (shield currently unavailable)
rNeg     . . .     Faith    +   N - +8 fire dragon scales
rPois    +         Spirit   .   J - +2 helmet {Int+3}
rElec    +         Reflect  .   w - +1 cloak of Starlight {rElec rC+ EV+4 Stlth--}
rCorr    .         Harm     .   k - +2 pair of gloves {archery}
MR       ++...     Rnd*Rage +   I - +4 centaur barding of the Wasteland {rC+ Str+6 Int+3}
Stlth    ..........             E - amulet of faith
HPRegen  0.51/turn              v - ring "Nenivat" {Fire Str-3 Int+6 Dex+7}
MPRegen  0.26/turn              y - ring of the Octopus King {rC+ AC+1 EV+1 Str+1 Int+1 Dex+1}

@: about to teleport, heroism, hasted and slowed, studying Translocations,
heavily drained, very quick
A: large, hooves 3, camouflage 1, berserk 1, clever 1, deformed body, speed 2,
mutation resistance 1, poison resistance, tough skin 3
}: 5/15 runes: barnacled, slimy, silver, abyssal, gossamer
a: Heroism, Finesse, Renounce Religion


You were on level 5 of the Realm of Zot.
You worshipped Okawaru.
Okawaru was exalted by your worship.
You were not hungry.

You visited 12 branches of the dungeon, and saw 58 of its levels.
You visited the Abyss 6 times.
You visited 1 bazaar.
You also visited: Ossuary, Bailey, Ice Cave, Volcano and Wizlab.

You collected 10014 gold pieces.
You spent 7174 gold pieces at shops.

Inventory:

Hand Weapons
 a - a +9 longbow of freezing (weapon)
 b - a +9 longbow of chaos
 e - the +1 lajatang of Pride {speed, Str+4 Int-5 Dex+4}
   (Okawaru gifted it to you on level 3 of the Elven Halls)

   Attacks with this weapon are significantly faster.
   It affects your strength (+4).
   It affects your intelligence (-5).
   It affects your dexterity (+4).
Missiles
 d - 615 arrows (quivered)
Armour
 k - a +2 pair of gloves of archery (worn)
 w - the +1 cloak of Starlight (worn) {rElec rC+ EV+4 Stlth--}
   (You found it in a wizard's laboratory)

   It affects your evasion (+4).
   It protects you from cold.
   It insulates you from electricity.
   It makes you much less stealthy.
 I - the +4 centaur barding of the Wasteland (worn) {rC+ Str+6 Int+3}
   (Okawaru gifted it to you on level 3 of the Abyss)

   It affects your strength (+6).
   It affects your intelligence (+3).
   It protects you from cold.
 J - a +2 helmet of intelligence (worn)
 N - +8 fire dragon scales (worn)
Jewellery
 v - the ring "Nenivat" (left hand) {Fire Str-3 Int+6 Dex+7}
   (You found it on level 4 of the Shoals)

   [ring of fire]

   It enhances your fire magic.
   It affects your strength (-3).
   It affects your intelligence (+6).
   It affects your dexterity (+7).
   It protects you from fire.
   It makes you vulnerable to cold.
 y - a ring of the Octopus King (right hand) {rC+ AC+1 EV+1 Str+1 Int+1 Dex+1}
   (You found it on level 5 of the Pits of Slime)

   [ring of protection from cold]

   It affects your AC (+1).
   It affects your evasion (+1).
   It affects your strength (+1).
   It affects your intelligence (+1).
   It affects your dexterity (+1).
   It protects you from cold.
 E - an amulet of faith (around neck)
 T - an uncursed ring of resist corrosion
Wands
 g - a wand of polymorph (55)
 n - a wand of digging (34)
 o - a wand of acid (53)
 G - a wand of iceblast (86)
 K - a wand of enslavement (19)
 L - a wand of flame (126)
 V - a wand of clouds (14)
 Y - a wand of paralysis (65)
Scrolls
 c - 18 scrolls of teleportation
 h - 25 scrolls of remove curse
 l - 15 scrolls of fog
 B - 12 scrolls of amnesia
 H - a scroll of silence
 O - 4 scrolls of identify
 P - a scroll of brand weapon
 Q - 10 scrolls of fear
 S - 3 scrolls of summoning
 U - 7 scrolls of magic mapping
 X - 9 scrolls of blinking
Potions
 i - 4 potions of invisibility
 j - 10 potions of agility
 m - 16 potions of flight
 p - 18 potions of curing
 q - 6 potions of ambrosia
 r - 5 potions of haste
 t - 5 potions of berserk rage
 x - a potion of magic
 z - 3 potions of heal wounds
 A - 11 potions of lignification
 C - 8 potions of might
 F - 3 potions of resistance
 Z - 8 potions of brilliance
Books
 u - a manual of Translocations
Miscellaneous
 s - a phial of floods
 D - 4 phantom mirrors
 M - a lamp of fire (inert)
 R - a lightning rod (4/4)
Comestibles
 f - 106 rations
 W - 3 chunks of flesh


   Skills:
 - Level 21.2(23.8) Fighting
 - Level 10.3(13.4) Staves
 - Level 22.2(24.5) Bows
 - Level 12.1(15.1) Armour
 - Level 19.0(21.7) Dodging
 - Level 11.0(9.2) Spellcasting
 - Level 16.5(14.5) Hexes
 - Level 10.1(8.4) Charms
 + Level 6.3(4.7) Summonings
 + Level 10.9(9.1) Translocations
 - Level 13.5(11.6) Transmutations
 - Level 4.5(3.1) Fire Magic
 - Level 13.1(11.3) Air Magic
 - Level 9.5(7.8) Invocations
 - Level 12.0(10.2) Evocations


You couldn't memorise any spells.
You knew the following spells:

 Your Spells              Type           Power        Failure   Level  Hunger
a - Apportation           Tloc           ######       1%          1    None
b - Blink                 Tloc           N/A          1%          2    None
c - Corona                Hex            #######      1%          1    None
e - Inner Flame           Hex/Fire       #######.     1%          3    None
s - Slow                  Hex            #######.     1%          2    None
z - Portal Projectile     Hex/Tloc       ######       1%          3    None
C - Confuse               Hex            #######.     1%          3    None
D - Deflect Missiles      Chrm/Air       ######....   26%         6    #####..
E - Silence               Hex/Air        ######....   1%          5    ####...
F - Cause Fear            Hex            #######...   1%          4    None
S - Swiftness             Chrm/Air       ######..     1%          2    None
T - Yara's Violent Unrav  Hex/Tmut       ######....   1%          5    ####...
V - Invisibility          Hex            #######.     4%          6    #####..
W - Summon Forest         Summ/Tloc      ######....   16%         5    ####...

Your spell library contained the following spells:

 Spells                   Type           Power        Failure   Level  Hunger
 Beastly Appendage        Tmut           ######       1%          1    None
 Confusing Touch          Hex            ######       1%          1    None
 Shock                    Conj/Air       ####         1%          1    None
 Summon Butterflies       Summ           #####...     1%          1    None
 Summon Small Mammal      Summ           ####         1%          1    None
 Ensorcelled Hibernation  Hex/Ice        ######       1%          2    None
 Passwall                 Tmut/Erth      #####...     1%          2    None
 Poisonous Vapours        Pois/Air       #####.       1%          2    None
 Shroud of Golubria       Chrm/Tloc      ######       1%          2    None
 Sticks to Snakes         Tmut           ######..     1%          2    None
 Dazzling Spray           Conj/Hex       ######       1%          3    None
 Gell's Gravitas          Tloc           ######....   1%          3    None
 Lesser Beckoning         Tloc           ######....   1%          3    None
 Recall                   Summ/Tloc      N/A          1%          3    None
 Summon Guardian Golem    Hex/Summ       ######..     1%          3    None
 Teleport Other           Tloc           ######..     1%          3    None
 Tukima's Dance           Hex            #######.     1%          3    None
 Airstrike                Air            ######....   1%          4    None
 Call Imp                 Summ           #####...     2%          2    None
 Spider Form              Tmut/Pois      #####.....   2%          3    None
 Passage of Golubria      Tloc           N/A          2%          4    None
 Blade Hands              Tmut           ######....   2%          5    ####...
 Static Discharge         Conj/Air       #####...     3%          3    None
 Summon Lightning Spire   Summ/Air       ######..     3%          4    None
 Call Canine Familiar     Summ           #####...     4%          3    None
 Ignite Poison            Fire/Tmut/Pois ######..     4%          3    None
 Leda's Liquefaction      Hex/Erth       ######....   4%          4    None
 Darkness                 Hex            #######...   4%          6    #####..
 Flame Tongue             Conj/Fire      ####.        5%          1    None
 Ozocubu's Armour         Chrm/Ice       #####...     5%          3    None
 Regeneration             Chrm/Necr      #####.....   5%          3    None
 Summon Mana Viper        Hex/Summ       ######..     5%          5    ####...
 Mephitic Cloud           Conj/Pois/Air  #####...     6%          3    None
 Ice Form                 Ice/Tmut       #####...     10%         4    None
 Petrify                  Tmut/Erth      #####...     10%         4    None
 Animate Skeleton         Necr           N/A          11%         1    None
 Freeze                   Ice            ##..         11%         1    None
 Magic Dart               Conj           ##..         11%         1    None
 Pain                     Necr           ##..         11%         1    None
 Sandblast                Erth           ##....       11%         1    None
 Sting                    Conj/Pois      ##..         11%         1    None
 Hydra Form               Tmut           ######....   13%         6    #####..
 Metabolic Englaciation   Hex/Ice        ######....   14%         5    ####...
 Corpse Rot               Necr           N/A          16%         2    None
 Sublimation of Blood     Necr           ##........   16%         2    None
 Throw Frost              Conj/Ice       ##....       16%         2    None
 Alistair's Intoxication  Tmut/Pois      #####...     26%         5    ####...
 Lightning Bolt           Conj/Air       #####.....   28%         5    ####...
 Stone Arrow              Conj/Erth      ##....       30%         3    None
 Vampiric Draining        Necr           ##........   30%         3    None
 Summon Ice Beast         Ice/Summ       ####....     36%         4    None
 Aura of Abjuration       Summ           #####.....   36%         5    ####...
 Summon Demon             Summ           #####.....   36%         5    ####...
 Animate Dead             Necr           N/A          71%         4    None
 Iskenderun's Mystic Bla  Conj           ##......     71%         4    None
 Olgreb's Toxic Radiance  Pois           ##......     71%         4    None
 Throw Icicle             Conj/Ice       ##......     71%         4    None
 Statue Form              Tmut/Erth      #####....    82%         6    #####..
 Fireball                 Conj/Fire      ####......   83%         5    ####...
 Conjure Ball Lightning   Conj/Air       #####.....   83%         6    #####..
 Discord                  Hex            #######...   86%         8    #######
 Bolt of Magma            Conj/Fire/Erth ####......   88%         5    ####...
 Shadow Creatures         Summ           N/A          91%         6    #####..
 Bolt of Draining         Conj/Necr      ##........   96%         5    ####...
 Borgnjor's Vile Clutch   Necr/Erth      ##........   96%         5    ####...
 Lee's Rapid Deconstruct  Erth           ##........   96%         5    ####...
 Venom Bolt               Conj/Pois      ##........   96%         5    ####...
 Freezing Cloud           Conj/Ice/Air   #####.....   97%         6    #####..
 Malign Gateway           Summ/Tloc      ######....   99%         7    #######
 Bolt of Cold             Conj/Ice       ##........   100%        6    #####..
 Bolt of Fire             Conj/Fire      ####......   100%        6    #####..
 Death Channel            Necr           ##........   100%        6    #####..
 Iron Shot                Conj/Erth      ##........   100%        6    #####..
 Ozocubu's Refrigeration  Ice            ##........   100%        6    #####..
 Poison Arrow             Conj/Pois      ##........   100%        6    #####..
 Simulacrum               Ice/Necr       ##........   100%        6    #####..
 Monstrous Menagerie      Summ           #####.....   100%        7    #######
 Ring of Flames           Chrm/Fire      ######....   100%        7    #######
 Summon Greater Demon     Summ           #####.....   100%        7    #######
 Summon Hydra             Summ           #####.....   100%        7    #######
 Chain Lightning          Conj/Air       #####.....   100%        8    #######
 Death's Door             Chrm/Necr      #####.....   100%        8    #######
 Disjunction              Tloc           ######....   100%        8    #######
 Ignition                 Fire           #####.....   100%        8    #######
 Lehudib's Crystal Spear  Conj/Erth      ##........   100%        8    #######
 Summon Horrible Things   Summ           #####.....   100%        8    #######
 Fire Storm               Conj/Fire      ####......   100%        9    #######
 Glaciate                 Conj/Ice       ##........   100%        9    #######
 Shatter                  Erth           ##........   100%        9    #######
 Tornado                  Air            ######....   100%        9    #######


Dungeon Overview and Level Annotations

Branches:
Dungeon (15/15)            Temple (1/1) D:6            Lair (6/6) D:10
 Shoals (4/4) Lair:2       Spider (4/4) Lair:2        Slime (5/5) Lair:6
    Orc (2/2) D:10            Elf (3/3) Orc:2        Vaults (5/5) D:13
  Crypt (3/3) Vaults:3       Tomb (0/3) Crypt:3      Depths (5/5) D:15
    Zot (5/5) Depths:5    Ossuary (visited)          Bailey (visited)
  IceCv (visited)         Volcano (visited)          WizLab (visited)

Altars:
Ashenzari
Cheibriados
Dithmenos
Elyvilon
Fedhas
Gozag
Hepliaklqana
Kikubaaqudgha
Makhleb
Nemelex Xobeh
Okawaru
Qazlal
Ru
Sif Muna
Trog
Uskayaw
Vehumet
Wu Jian
Xom
Yredelemnul
Zin
The Shining One
Beogh
Jiyva

Shops:
D:10 [(   D:12 *   D:15 *   Orc:1 (   Orc:2 *!%}*   Elf:3 %   Shoals:3 (
Vaults:3 [   Depths:1 :   Depths:2 ?

Portals:
Hell: Lair:6 Depths:1 Depths:2 Depths:3 Depths:4 Depths:5
Abyss: Depths:1 Depths:3 Depths:4 Depths:5
Pandemonium: Depths:1 Depths:3 Depths:5
Ziggurat: Depths:1

Annotations:
Zot:3 1 transporter


Innate Abilities, Weirdness & Mutations

You have hooves in place of feet.
Armour fits poorly on your strangely shaped body.
You cover ground very quickly.
You have extremely tough skin. (AC +3)
Your skin changes colour to match your surroundings (Stealth+).
You tend to lose your temper in combat.
Your mind is acute. (Int +2)
You are somewhat resistant to further mutation.
Your system is resistant to poisons. (rPois)


Message History

The Executioner is moderately wounded.
The Executioner completely misses you.
The Executioner hits you but does no damage. x2
The Executioner misses you.
The Executioner completely misses you. x2
The Executioner misses you. The Executioner completely misses you.
The Executioner hits you but does no damage.
The Orb Guardian misses you. The Orb Guardian hits you!!!
* * * LOW HITPOINT WARNING * * *
The Executioner hits you!
* * * LOW HITPOINT WARNING * * *
The Executioner completely misses you. The Executioner closely misses you.
The shadow dragon breathes negative energy at you.
The bolt of negative energy misses you.
The bolt of negative energy hits the Executioner.
The Executioner completely resists.
Unknown command.
Casting: Blink (safe; 1% risk of failure)
Confirm with . or Enter, or press ? or * to list all spells.
You blink.
The Orb Guardian hits you!!!
You die...

****,,,,,,,,,......
#███████████##(.8..█
###...§.§...☼§.^^..... *
##....##○☼.☼○(.(§...^..
###########...###...§.(...§....2.
..^..........###..(..^...........
............## #.....2...§.......
............# #.y((.X.§.........
...........## #c11X..*.....§....
...........# #.XD.=.(.^........
...........## #.^..^(...(.......
............# ##...........?....
............#* ##.....§...(..L..
.............* ##..^........,,,
#####.########████###############
.............⌠...................
...###..:..#################...#.


You could see an orb of fire, a shadow dragon, 3 Orb Guardians, 2 Executioners,
a moth of wrath and a hellion.

Vanquished Creatures
  the Royal Jelly (Slime:5)
  A juggernaut (Depths:2)
  An ancient lich (Abyss:1)
  Sojobo (Crypt:3)
  Frederick (Depths:3)
  3 curse toes
  Margery (Crypt:2)
  A profane servitor (Abyss:1)
  Nikola (Shoals:1)
  5 golden dragons
  4 bone dragons
  2 electric golems (Zot:2)
  Rupert (D:14)
  12 tentacled monstrosities
  2 titans (Vaults:5)
  5 Orb Guardians (Zot:5)
  6 liches
  11 quicksilver dragons
  3 krakens
  3 deep elf blademasters
  2 deep elf master archers (Elf:3)
  13 death cobs
  16 acid blobs
  4 Executioners
  An eldritch tentacle (WizLab)
  12 ancient champions
  15 tentacled starspawn
  5 sphinxes
  A thorn hunter (Abyss:1)
  Roxanne (Spider:4)
  7 tengu reavers
  Kirke (D:12)
  10 shadow dragons
  16 storm dragons
  13 azure jellies
  5 draconian monks (Zot:2)
  9 fire giants
  An orc warlord (Bailey)
  Ilsuiw (Shoals:4)
  8 frost giants
  7 ghost moths
  5 draconian scorchers
  13 deep elf sorcerers
  20 vault wardens
  A ghost moth (shapeshifter) (Vaults:5)
  2 iron dragons (Vaults:5)
  5 draconian shifters
  3 draconian stormcallers
  Aizul (Depths:1)
  2 draconian knights (Zot:2)
  6 ghouls
  2 reapers
  2 cacodemons
  A juggernaut zombie (Depths:1)
  6 emperor scorpions
  2 balrugs
  A caustic shrike skeleton (Depths:4)
  3 spriggan defenders
  6 draconian annihilators
  12 ironheart preservers
  7 deep elf elementalists (Elf:3)
  2 war gargoyles (Vaults:5)
  10 vampire knights
  An angel (WizLab)
  19 stone giants
  7 deep elf demonologists
  30 very ugly things
  10 purple draconians
  3 entropy weavers
  10 green draconians
  8 red draconians
  6 spark wasps
  5 white draconians
  4 deep elf annihilators (Elf:3)
  2 dire elephants
  10 yellow draconians
  2 eidola
  18 black draconians
  Snorg (Orc:1)
  12 ettins
  A blizzard demon (Abyss:3)
  6 death oozes (Slime:5)
  A quicksilver dragon zombie (Crypt:3)
  20 jiangshi
  10 deep elf death magi
  15 fire dragons
  A mummy priest (Crypt:3)
  10 merfolk impalers
  6 merfolk javelineers
  5 deep elf high priests
  22 yaktaur captains
  Harold (D:11)
  19 ogre magi
  20 ice dragons
  Fannar (D:10)
  12 hydras
  15 great orbs of eyes
  10 rakshasas
  An alligator snapping turtle (Shoals:3)
  7 merfolk avatars
  5 spriggan air magi
  39 vault guards
  Erica (D:11)
  8 merfolk aquamancers
  8 death knights
  9 deep troll shamans
  7 centaur warriors
  A catoblepas (Lair:4)
  4 satyrs
  51 two-headed ogres
  2 alligators (Shoals:4)
  12 vampire magi
  10 tengu warriors
  3 orc high priests (Orc:2)
  6 death yaks
  24 dancing weapons
  11 deep troll earth magi
  2 shock serpents (Zot:2)
  Urug (Orc:1)
  A shock serpent (shapeshifter) (Depths:2)
  2 spriggan berserkers
  7 thrashing horrors
  2 sun demons (Depths:3)
  3 soul eaters
  9 hell knights
  26 deep elf knights
  Nergalle (D:11)
  An iron troll (Depths:5)
  Sonja (D:13)
  37 skeletal warriors
  8 wretched stars
  7 shadow wraiths
  2 storm dragon skeletons
  A titan skeleton (Crypt:1)
  6 sixfirhies
  11 sea snakes
  33 deep trolls
  5 unseen horrors
  A deep troll (shapeshifter) (Depths:1)
  7 glowing orange brains
  2 spark wasp zombies
  2 shadow demons
  An orange crystal statue (Zot:5)
  2 obsidian statues
  4 flayed ghosts
  11 wizards
  A golden dragon skeleton (Depths:4)
  A tengu zombie (Vaults:4)
  17 deep elf archers
  14 necromancers
  17 orc knights
  A wolf spider zombie (Crypt:1)
  24 ironbrand convokers
  13 phantasmal warriors
  A lindwurm (D:13)
  75 deep elf magi
  14 harpies
  A fire giant zombie (Crypt:1)
  2 orb spiders (shapeshifter)
  4 shining eyes
  2 frost giant zombies
  16 fauns
  21 wolf spiders
  28 orb spiders
  A mana viper (WizLab)
  46 ugly things
  7 orc sorcerers
  13 cyclopes
  An iron dragon skeleton (Abyss:1)
  A salamander (Depths:3)
  A tengu skeleton (Vaults:4)
  14 manticores
  A moth of wrath (shapeshifter) (Depths:2)
  A shadow dragon skeleton (Crypt:1)
  25 moths of wrath
  4 black mambas
  6 water nymphs
  10 elephants
  2 naga magi (D:15)
  6 worldbinders
  13 merfolk sirens
  A storm dragon simulacrum (Crypt:1)
  2 torpor snails
  13 vault sentinels
  2 molten gargoyles (Lair:1)
  2 stone giant skeletons (Crypt:3)
  2 apocalypse crabs (Abyss:1)
  2 ice statues (IceCv)
  6 centaur skeletons
  2 eyes of devastation
  8 spiny frogs
  8 smoke demons
  A yaktaur zombie (Vaults:4)
  A death yak zombie (Crypt:2)
  14 demonic crawlers
  2 gargoyles
  A shock serpent skeleton (Crypt:2)
  A hellion (Abyss:3)
  43 yaktaurs
  3 kobold demonologists
  A spiny frog (shapeshifter) (Depths:5)
  2 yaktaurs (shapeshifter)
  4 rime drakes
  6 orange demons
  2 anaconda simulacra
  2 ice devils
  7 komodo dragons
  3 efreet
  A golden dragon simulacrum (Crypt:3)
  17 freezing wraiths
  3 hellwings
  A spark wasp simulacrum (Depths:1)
  A hydra zombie (Crypt:2)
  9 ancient zymes
  13 guardian mummies
  2 alligator snapping turtle skeletons
  3 meliai (Spider:2)
  7 tengu conjurers
  3 red devils (Lair:6)
  A catoblepas skeleton (Crypt:3)
  44 merfolk
  A queen bee (Lair:3)
  A troll (shapeshifter) (Vaults:2)
  A meliai (shapeshifter) (Depths:4)
  7 trolls
  4 wind drakes
  A hydra skeleton (Crypt:3)
  15 raiju
  A harpy zombie (Abyss:2)
  9 hornets
  3 bog bodies
  A tengu simulacrum (Vaults:3)
  41 jumping spiders
  A jumping spider zombie (Crypt:2)
  28 blink frogs
  20 dream sheep
  A raiju (shapeshifter) (Elf:1)
  72 slime creatures
  7 snapping turtles
  An ice dragon zombie (Crypt:1)
  17 hippogriffs
  A satyr zombie (Crypt:3)
  5 air elementals (Elf:3)
  72 redbacks
  A black mamba zombie (Crypt:3)
  8 flying skulls
  2 shadows
  45 water elementals
  A meliai zombie (D:15)
  A redback (shapeshifter) (Vaults:4)
  6 vampires
  14 wraiths
  6 spriggans
  A dire elephant simulacrum (Crypt:2)
  A fire dragon skeleton (Abyss:5)
  3 ynoxinuls
  33 tarantellas
  A yak (shapeshifter) (Vaults:4)
  31 yaks
  A tarantella (shapeshifter) (Vaults:2)
  A human (D:10)
  10 hogs
  5 fire elementals
  5 golden eyes (Abyss:3)
  A golden eye (shapeshifter) (D:13)
  2 wyverns
  A steam dragon (D:9)
  A basilisk (Lair:6)
  7 chaos spawn
  A black mamba skeleton (Crypt:2)
  4 hungry ghosts
  A human simulacrum (Vaults:4)
  7 vampire mosquitoes
  8 neqoxecs
  A soldier ant (D:15)
  2 spatial vortices (WizLab)
  An elf simulacrum (Depths:1)
  7 wargs
  26 large abominations
  An acid dragon (Vaults:2)
  Menkaure (D:7)
  An insubstantial wisp (Abyss:2)
  8 water moccasins
  5 hell hounds (Lair:6)
  A faun skeleton (Crypt:3)
  5 human skeletons
  2 monstrous demonspawn skeletons
  An orb spider zombie (Crypt:1)
  9 porcupines
  A floating eye (shapeshifter) (Vaults:1)
  15 ice beasts
  3 phantoms
  2 manticore zombies (Crypt:1)
  47 orc warriors
  4 black bears
  A black bear (shapeshifter) (Depths:1)
  8 eyes of draining
  8 necrophages
  12 starcursed masses
  A fire dragon simulacrum (Abyss:2)
  4 sky beasts
  An ice dragon simulacrum (Abyss:5)
  46 ogres
  16 centaurs
  12 crocodiles
  23 wolves
  14 boggarts
  A snapping turtle skeleton (Crypt:3)
  An elephant skeleton (Crypt:2)
  5 big kobolds
  An elf zombie (D:7)
  2 elf skeletons
  2 wyvern zombies
  A gnoll sergeant (D:7)
  16 small abominations
  4 earth elementals
  15 bullfrogs
  A cyclops zombie (Crypt:2)
  6 scorpions
  A yak zombie (Crypt:1)
  4 wights (Crypt:1)
  An orc simulacrum (Vaults:2)
  31 killer bees
  A yak skeleton (Crypt:2)
  A howler monkey (D:11)
  4 electric eels
  9 crimson imps
  2 bullfrog zombies
  A quasit (Abyss:3)
  A jelly (shapeshifter) (Depths:1)
  5 hounds
  6 jellies
  25 orc priests
  9 centaur zombies
  A bullfrog skeleton (D:5)
  2 human zombies
  3 iron imps (Abyss:1)
  Jessica (D:2)
  3 iguanas
  Terence (D:2)
  29 orc wizards
  11 worker ants
  2 hell rats (D:10)
  5 lightning spires (Zot:2)
  A killer bee zombie (Ossuary)
  5 hound zombies (Ossuary)
  A crocodile skeleton (Crypt:3)
  A big kobold skeleton (Crypt:3)
  A hound skeleton (D:5)
  11 mummies
  2 howler monkey zombies (Ossuary)
  3 worker ant zombies
  27 gnolls
  A river rat (D:10)
  6 adders
  6 shadow imps
  6 white imps
  7 ufetubi
  An ooze (D:1)
  4 adder zombies (Ossuary)
  An adder skeleton (D:7)
  4 worms
  3 ball lightnings (Zot:2)
  2 dart slugs
  9 leopard geckos
  121 orcs
  3 giant cockroaches
  26 goblins
  20 hobgoblins
  4 jackals
  6 quokkas
  3 ball pythons
  A ball python zombie (Ossuary)
  4 bats
  5 frilled lizards
  2 giant cockroach zombies (Ossuary)
  A jackal zombie (Ossuary)
  27 kobolds
  2 leopard gecko skeletons
  4 orc skeletons
  2 quokka skeletons
  5 quokka zombies
  9 rats
  A rat skeleton (Crypt:1)
  A spectral orc (D:4)
  A fire vortex (Depths:3)
  A fungus (Lair:4)
  2 lurking horrors
  7 plants
  9 starspawn tentacles
  5 tentacles (Shoals:4)
  A withered plant (Ossuary)
3100 creatures vanquished.

Vanquished Creatures (others)
  An eldritch tentacle (Abyss:1)
  3 storm dragons
  2 tengu reavers
  2 draconian knights
  A ghost moth (Zot:3)
  An emperor scorpion (Spider:4)
  A lorocyproca (Depths:5)
  A phantasmal warrior (Crypt:3)
  An orb spider (Spider:3)
  A manticore (Shoals:1)
  3 raiju
  2 dream sheep (Shoals:1)
  A redback (Spider:2)
  A vampire (Abyss:1)
  2 large abominations (Abyss:1)
  3 small abominations (Abyss:1)
  A snapping turtle skeleton (Abyss:1)
  A bullfrog (D:15)
  A jelly (Abyss:1)
  An ufetubus (Abyss:1)
  2 ball lightnings (Zot:2)
  15 fungi
  44 plants
  37 starspawn tentacles
  19 tentacles (Shoals:4)
  3 withered plants (Ossuary)
150 creatures vanquished.

Grand Total: 3250 creatures vanquished

Notes
Turn   | Place    | Note
-------+----------+-------------------------------------------
     0 | D:1      | swinepaste the Centaur Arcane Marksman began the quest for
                  | the Orb.
     0 | D:1      | Reached XP level 1. HP: 16/16 MP: 2/2
    34 | D:1      | Reached skill level 3 in Bows
   247 | D:1      | Reached XP level 2. HP: 15/23 MP: 3/3
   379 | D:1      | Reached skill level 4 in Bows
  1140 | D:2      | Reached XP level 3. HP: 28/28 MP: 4/4
  1375 | D:2      | Reached skill level 5 in Bows
  1482 | D:2      | Noticed Jessica
  1483 | D:2      | Killed Jessica
  1527 | D:2      | Reached XP level 4. HP: 35/35 MP: 5/5
  1616 | D:2      | Noticed Terence
  1631 | D:2      | Killed Terence
  1631 | D:2      | Reached skill level 6 in Bows
  2254 | D:3      | Reached skill level 7 in Bows
  2254 | D:3      | Reached XP level 5. HP: 31/40 MP: 6/6
  3029 | D:3      | Reached skill level 8 in Bows
  3320 | D:3      | Reached XP level 6. HP: 36/47 MP: 4/7
  3661 | D:4      | Reached skill level 9 in Bows
  4518 | D:4      | Reached skill level 10 in Bows
  4518 | D:4      | Reached XP level 7. HP: 12/52 MP: 8/8
  5080 | D:4      | Found a basalt altar of Yredelemnul.
  5138 | D:5      | Entered Level 5 of the Dungeon
  5638 | D:5      | Found a shimmering altar of Xom.
  6090 | D:5      | Found a glowing drain.
  6495 | D:5      | Reached XP level 8. HP: 55/63 MP: 9/9
  6923 | D:6      | Found a staircase to the Ecumenical Temple.
  6933 | Temple   | Entered the Ecumenical Temple
  7040 | Temple   | Became a worshipper of Warmaster Okawaru
  7515 | D:6      | Got a fine steel ring
  7523 | D:6      | Identified the ring "Esaugh" {Ice *Corrode rN+ SInv} (You
                  | found it on level 6 of the Dungeon)
  7779 | D:7      | Noticed Menkaure
  7786 | D:7      | Killed Menkaure
  7823 | D:7      | Got a pitted short sword
  7961 | D:7      | Reached skill level 5 in Fighting
  8002 | D:7      | Reached * piety under Okawaru
  8126 | D:7      | Found a sand-covered staircase.
  8173 | Ossuary  | Entered an ossuary
  8405 | Ossuary  | Reached XP level 9. HP: 75/75 MP: 10/10
  8426 | Ossuary  | Learned a level 2 spell: Slow
  8437 | Ossuary  | Learned a level 3 spell: Portal Projectile
  8441 | Ossuary  | Learned a level 3 spell: Inner Flame
  8767 | D:7      | Reached skill level 11 in Bows
  8767 | D:7      | Reached skill level 1 in Translocations
  9357 | D:8      | Noticed a manticore
  9368 | D:8      | Killed a manticore
  9368 | D:8      | Reached ** piety under Okawaru
  9619 | D:8      | Found a shadowy altar of Dithmenos.
  9722 | D:8      | Found a flagged portal.
  9731 | D:8      | Identified the +0 short sword "Enoeny" {vamp, rElec rN+
                  | Dex-4} (You found it on level 7 of the Dungeon)
  9736 | Bailey   | Entered a bailey
  9941 | Bailey   | Reached skill level 5 in Hexes
 10575 | Bailey   | Reached *** piety under Okawaru
 10592 | Bailey   | Reached XP level 10. HP: 54/83 MP: 14/14
 10596 | Bailey   | Reached skill level 12 in Bows
 10596 | Bailey   | Reached skill level 5 in Dodging
 10596 | Bailey   | Reached XP level 11. HP: 61/92 MP: 14/17
 10601 | Bailey   | Reached skill level 13 in Bows
 10601 | Bailey   | Reached skill level 5 in Translocations
 10601 | Bailey   | Reached XP level 12. HP: 68/101 MP: 14/18
 10668 | Bailey   | Received a gift from Okawaru
 11041 | Bailey   | Noticed an orc warlord
 11206 | Bailey   | Killed an orc warlord
 11417 | D:8      | Learned a level 4 spell: Cause Fear
 12359 | D:9      | Reached skill level 5 in Spellcasting
 12977 | D:10     | Entered Level 10 of the Dungeon
 12992 | D:10     | Noticed a death yak
 13045 | D:9      | Killed a death yak
 13098 | D:10     | Reached **** piety under Okawaru
 13178 | D:10     | Noticed Fannar
 13283 | D:10     | Learned a level 1 spell: Apportation
 13481 | D:10     | Found a staircase to the Lair.
 13759 | D:10     | Killed Fannar
 13924 | D:10     | Noticed a death yak
 13941 | D:10     | Noticed a death yak
 13987 | D:10     | Killed a death yak
 14134 | D:10     | Killed a death yak
 14267 | D:10     | Found Zadoubro's Weapon Emporium.
 14270 | D:10     | Found a staircase to the Orcish Mines.
 14274 | D:10     | Found Zalados's Armour Emporium.
 14310 | D:10     | Found a shimmering altar of Xom.
 14325 | D:10     | Reached ***** piety under Okawaru
 14830 | Lair:1   | Entered Level 1 of the Lair of Beasts
 15226 | Lair:1   | Found a dark tunnel.
 15262 | Volcano  | Entered a volcano
 15922 | Lair:1   | Reached XP level 13. HP: 101/111 MP: 15/20
 16855 | Lair:2   | Found a staircase to the Shoals.
 16875 | Lair:2   | Reached skill level 1 in Evocations
 17245 | Lair:2   | Found a hole to the Spider Nest.
 17250 | Lair:2   | Received a gift from Okawaru
 17988 | Lair:3   | Reached skill level 5 in Invocations
 18010 | Lair:3   | Reached skill level 14 in Bows
 18064 | Lair:3   | Received a gift from Okawaru
 18271 | Lair:3   | Received a gift from Okawaru
 20299 | Lair:4   | Received a gift from Okawaru
 20356 | Lair:4   | Reached ****** piety under Okawaru
 20567 | Lair:4   | Received a gift from Okawaru
 21309 | Lair:4   | Reached skill level 15 in Bows
 21347 | Lair:5   | Reached skill level 5 in Evocations
 21877 | Lair:5   | Reached XP level 14. HP: 118/118 MP: 17/21
 21937 | Lair:5   | Received a gift from Okawaru
 22166 | Lair:6   | Entered Level 6 of the Lair of Beasts
 22361 | Lair:6   | Reached skill level 16 in Bows
 22380 | Lair:6   | Found a staircase to the Slime Pits.
 22787 | Lair:6   | Reached skill level 17 in Bows
 23465 | Lair:6   | Reached skill level 18 in Bows
 23497 | Lair:6   | Found a burning altar of Makhleb.
 23758 | Lair:6   | Found a gateway to Hell.
 24144 | Orc:1    | Entered Level 1 of the Orcish Mines
 24417 | Orc:2    | Entered Level 2 of the Orcish Mines
 24429 | Orc:2    | Found a roughly hewn altar of Beogh.
 24659 | Orc:1    | Found Zedwopn's Weapon Emporium.
 24666 | Orc:1    | Noticed Urug
 24673 | Orc:1    | Received a gift from Okawaru
 24678 | Orc:1    | Killed Urug
 24701 | Orc:1    | Reached skill level 19 in Bows
 24842 | Orc:1    | Noticed Snorg
 24862 | Orc:1    | Killed Snorg
 25247 | Orc:2    | Found Tuoheph's Tempting Trifles.
 25552 | Orc:2    | Found a staircase to the Elven Halls.
 25562 | Orc:2    | Received a gift from Okawaru
 25717 | Orc:2    | Reached XP level 15. HP: 125/125 MP: 22/22
 25857 | Orc:2    | Reached skill level 20 in Bows
 25992 | Orc:2    | Found Eweosk's Gadget Boutique.
 25992 | Orc:2    | Found Xarimoill's Assorted Antiques.
 26009 | Orc:2    | Found Jiased's Food Shoppe.
 26009 | Orc:2    | Found Qeiken's Distillery.
 26043 | Orc:2    | Bought a scroll labeled LUIKUG QY GOTI for 24 gold pieces
 26327 | Elf:1    | Entered Level 1 of the Elven Halls
 26771 | D:11     | Noticed Harold
 26789 | D:11     | Killed Harold
 26789 | D:11     | Received a gift from Okawaru
 26985 | D:11     | Found a frozen archway.
 26995 | IceCv    | Entered an ice cave
 27648 | IceCv    | Identified the amulet of Wu Jian's Fury {RegenMP rN++ MR+
                  | Dex-2} (You found it in an ice cave)
 28187 | D:11     | Reached skill level 10 in Fighting
 28194 | D:11     | Noticed Erica
 28211 | D:11     | Killed Erica
 28277 | D:11     | Noticed Nergalle
 28288 | D:11     | Killed Nergalle
 28631 | D:12     | Found Neskuly's Demolitions Depot.
 28689 | D:12     | Bought a book of Air for 630 gold pieces
 28689 | D:12     | Bought a wand of clouds (4) for 432 gold pieces
 28697 | D:12     | Learned a level 2 spell: Swiftness
 28930 | D:12     | Identified the +1 ring mail "Coephum" {rC++ Dex+5 SInv}
                  | (You found it on level 12 of the Dungeon)
 29112 | D:12     | Received a gift from Okawaru
 29115 | D:12     | Got a slimy rapier {god gift}
 29116 | D:12     | Identified the +3 rapier of Onyko {pierce, rC+} (Okawaru
                  | gifted it to you on level 12 of the Dungeon)
 29280 | D:12     | Found a sacrificial altar of Ru.
 29573 | D:13     | Noticed Sonja
 29574 | D:13     | Killed Sonja
 30340 | D:13     | Found a sacrificial altar of Ru.
 30463 | D:13     | Received a gift from Okawaru
 30520 | D:13     | Found a gate to the Vaults.
 30577 | D:14     | Noticed Rupert
 30577 | D:14     | Paralysed by Rupert for 3 turns
 30583 | D:14     | Paralysed by Rupert for 6 turns
 30737 | D:14     | Received a gift from Okawaru
 30883 | D:14     | Noticed Kirke
 30888 | D:14     | Received a gift from Okawaru
 31034 | D:11     | HP: 4/128 [hog[Kirke] (4)]
 31414 | D:12     | Killed Kirke
 31546 | D:14     | Found an ancient bone altar of Kikubaaqudgha.
 31654 | D:14     | Reached XP level 16. HP: 128/137 MP: 23/23
 31948 | D:14     | Got a shimmering shortbow {god gift}
 31949 | D:14     | Identified the +4 shortbow of Distraction {freeze, +Fly}
                  | (Okawaru gifted it to you on level 14 of the Dungeon)
 32008 | D:14     | Killed Rupert
 32257 | D:14     | Reached skill level 1 in Air Magic
 32265 | D:14     | Received a gift from Okawaru
 32266 | D:14     | Got a fine centaur barding {god gift}
 32282 | D:14     | Reached skill level 1 in Charms
 32292 | D:14     | Identified the +0 centaur barding of Anaesthesia {rPois rN+
                  | Str-2 SInv} (Okawaru gifted it to you on level 14 of the
                  | Dungeon)
 32418 | D:14     | You fall into a shaft and drop 1 floor!
 32418 | D:15     | Entered Level 15 of the Dungeon
 32696 | D:15     | Found a staircase to the Depths.
 32760 | D:15     | Found a blossoming altar of Fedhas.
 33025 | D:15     | Found Queter's Assorted Antiques.
 33033 | D:15     | Bought a steel ring for 135 gold pieces
 33312 | D:15     | Reached skill level 5 in Air Magic
 33537 | Spider:1 | Entered Level 1 of the Spider Nest
 33789 | Spider:1 | Reached skill level 10 in Dodging
 34284 | Spider:1 | Received a gift from Okawaru
 34641 | Spider:1 | Received a gift from Okawaru
 34942 | Spider:2 | Received a gift from Okawaru
 35549 | Spider:2 | Received a gift from Okawaru
 35910 | Spider:3 | Learned a level 6 spell: Invisibility
 35997 | Spider:2 | Reached skill level 10 in Hexes
 38253 | Spider:3 | Reached XP level 17. HP: 144/144 MP: 25/25
 38355 | Spider:3 | Got a transparent quarterstaff
 38357 | Spider:3 | Identified the +7 quarterstaff of the Equinox {flame, rF++}
                  | (You found it on level 3 of the Spider Nest)
 38809 | Spider:4 | Entered Level 4 of the Spider Nest
 39092 | Spider:4 | Received a gift from Okawaru
 39605 | Spider:4 | Identified Roxanne's Papyrus of Stones
 39605 | Spider:4 | Noticed Roxanne
 39623 | Spider:4 | Killed Roxanne
 39903 | Spider:4 | Reached skill level 1 in Staves
 40338 | Spider:4 | Reached skill level 5 in Staves
 40428 | Spider:4 | Received a gift from Okawaru
 40685 | Spider:4 | Received a gift from Okawaru
 40689 | Spider:4 | Got a gossamer rune of Zot
 41279 | Shoals:1 | Entered Level 1 of the Shoals
 41327 | Shoals:1 | Noticed Nikola
 41350 | Shoals:1 | Killed Nikola
 41853 | Orc:2    | Bought a lightning rod (4/4) for 600 gold pieces
 42807 | Shoals:2 | Reached XP level 18. HP: 74/151 MP: 27/27
 44168 | Shoals:2 | Received a gift from Okawaru
 45500 | Shoals:3 | Received a gift from Okawaru
 45975 | Shoals:3 | Found Joygh's Weapon Shoppe.
 46460 | Shoals:4 | Entered Level 4 of the Shoals
 47205 | Shoals:4 | Got a pitted amber ring
 47206 | Shoals:4 | Identified the ring "Nenivat" {Fire Str-3 Int+6 Dex+7} (You
                  | found it on level 4 of the Shoals)
 47923 | Shoals:4 | Received a gift from Okawaru
 48219 | Shoals:4 | Received a gift from Okawaru
 48419 | Shoals:4 | Received a gift from Okawaru
 48535 | Shoals:4 | Got a barnacled rune of Zot
 48672 | Shoals:4 | Reached XP level 19. HP: 98/161 MP: 28/28
 48802 | Shoals:4 | Noticed Ilsuiw
 48809 | Shoals:4 | Received a gift from Okawaru
 48811 | Shoals:4 | Killed Ilsuiw
 49650 | Vaults:1 | Entered Level 1 of the Vaults
 49697 | Vaults:1 | Reached skill level 5 in Armour
 49746 | Vaults:1 | Received a gift from Okawaru
 50138 | Vaults:1 | Received a gift from Okawaru
 50182 | Vaults:1 | Found a magical portal.
 50256 | WizLab   | Found a transporter.
 50471 | WizLab   | Found a corrupted altar of Lugonu.
 50472 | WizLab   | Found the +1 cloak of Starlight {rElec rC+ EV+4 Stlth--}
 50513 | WizLab   | Received a gift from Okawaru
 50554 | WizLab   | Found a transporter.
 50554 | WizLab   | Found a transporter.
 50556 | WizLab   | Identified the Almanac of Displacement
 50612 | WizLab   | Found a transporter.
 50616 | WizLab   | Learned a level 2 spell: Blink
 50674 | WizLab   | Found a transporter.
 50865 | WizLab   | Found a transporter.
 50967 | WizLab   | Found a transporter.
 50967 | WizLab   | Found a transporter.
 51018 | WizLab   | Found a corrupted altar of Lugonu.
 51074 | WizLab   | Found a transporter.
 51074 | WizLab   | Found a transporter.
 51117 | WizLab   | Identified Golubria's Grimoire of Translocation
 51185 | WizLab   | Found a transporter.
 51214 | WizLab   | Found a transporter.
 51214 | WizLab   | Found a transporter.
 51246 | WizLab   | Found a corrupted altar of Lugonu.
 51308 | WizLab   | Found a transporter.
 51308 | WizLab   | Found a transporter.
 51403 | WizLab   | Found a transporter.
 51479 | WizLab   | Found a transporter.
 51479 | WizLab   | Found a transporter.
 51585 | WizLab   | Found a transporter.
 51585 | WizLab   | Found a transporter.
 51625 | WizLab   | Got a translucent cloak
 51628 | WizLab   | Identified the cursed +0 cloak of the Spheres {Regen+ Str+4
                  | Int-5} (You found it in a wizard's laboratory)
 51635 | WizLab   | Got a smoking cloak
 51648 | WizLab   | Identified the +3 cloak of Sif Muna's Regard {rElec rF-
                  | rCorr MP-9} (You found it in a wizard's laboratory)
 51656 | WizLab   | Got a pitted cloak
 51662 | WizLab   | Identified the +3 cloak "Zygokom" {rPois Dex+4} (You found
                  | it in a wizard's laboratory)
 52113 | Vaults:1 | Received a gift from Okawaru
 52662 | Vaults:1 | Received a gift from Okawaru
 52669 | Vaults:1 | Reached skill level 15 in Dodging
 52820 | Vaults:1 | Reached XP level 20. HP: 139/170 MP: 29/29
 53867 | Vaults:2 | Paralysed by an ogre mage for 7 turns
 54925 | Vaults:2 | Received a gift from Okawaru
 55152 | Vaults:2 | Reached skill level 15 in Fighting
 55517 | Vaults:2 | Identified the Guide on Attacks and Lightness
 55746 | Vaults:3 | Found a flickering gateway to a bazaar.
 55763 | Bazaar   | Entered a bazaar
 55763 | Bazaar   | Found Ozuumep's Weapon Emporium.
 55763 | Bazaar   | Found Luwnuj's Magic Scroll Shoppe.
 55763 | Bazaar   | Found Xastriucs's Food Shoppe.
 55763 | Bazaar   | Found Boimnyep's General Store.
 55773 | Bazaar   | Bought a scroll of enchant armour for 52 gold pieces
 55773 | Bazaar   | Bought a scroll of identify for 14 gold pieces
 55783 | Bazaar   | Bought a scroll of identify for 14 gold pieces
 55783 | Bazaar   | Bought a scroll of identify for 14 gold pieces
 55783 | Bazaar   | Bought a scroll of teleportation for 21 gold pieces
 55783 | Bazaar   | Bought a scroll of remove curse for 21 gold pieces
 55783 | Bazaar   | Bought a scroll of fog for 14 gold pieces
 55783 | Bazaar   | Bought a scroll of remove curse for 21 gold pieces
 55783 | Bazaar   | Bought a scroll of teleportation for 21 gold pieces
 55785 | Bazaar   | Bought a scroll of magic mapping for 24 gold pieces
 55787 | Bazaar   | Bought a scroll of torment for 97 gold pieces
 55790 | Bazaar   | Bought a scroll of identify for 26 gold pieces
 55926 | Vaults:3 | Received a gift from Okawaru
 56134 | Vaults:3 | Identified the +5 ring mail of Resourcefulness {Dex+3} (You
                  | found it on level 3 of the Vaults)
 56253 | Vaults:3 | Found Riathif's Antique Armour Emporium.
 56267 | Vaults:3 | Received a gift from Okawaru
 57090 | Vaults:3 | Received a gift from Okawaru
 57105 | Vaults:3 | Reached XP level 21. HP: 167/184 MP: 7/30
 57353 | Vaults:3 | Found a staircase to the Crypt.
 57908 | Vaults:4 | Identified Untunyur's Grimoire of Hurtful Good Luck
 57980 | Vaults:4 | Reached skill level 10 in Evocations
 58728 | Vaults:4 | Received a gift from Okawaru
 58761 | Vaults:4 | Received a gift from Okawaru
 58976 | Vaults:4 | Received a gift from Okawaru
 59121 | Vaults:4 | Learned a level 3 spell: Confuse
 59305 | Vaults:4 | Received a gift from Okawaru
 60299 | Elf:1    | Received a gift from Okawaru
 60636 | Elf:1    | Received a gift from Okawaru
 61544 | Elf:2    | Received a gift from Okawaru
 61558 | Elf:2    | Got a translucent gossamer ring
 61559 | Elf:2    | Identified the ring of the Griffon {Dex+4 Stlth-} (You
                  | found it on level 2 of the Elven Halls)
 61815 | Elf:2    | Found a runed translucent gate.
 61815 | Elf:2    | Found a runed translucent gate.
 61815 | Elf:2    | Found a runed translucent gate.
 62159 | Elf:2    | Received a gift from Okawaru
 62384 | Elf:2    | Received a gift from Okawaru
 62514 | Elf:3    | Entered Level 3 of the Elven Halls
 62614 | Elf:3    | Found Takuo's Food Boutique.
 62924 | Elf:3    | Received a gift from Okawaru
 62927 | Elf:3    | Identified the +1 lajatang of Pride {speed, Str+4 Int-5
                  | Dex+4} (Okawaru gifted it to you on level 3 of the Elven
                  | Halls)
 63343 | Elf:3    | Cast into level 3 of the Abyss (a deep elf sorcerer)
 63523 | Abyss:3  | Found a corrupted altar of Lugonu.
 63562 | Abyss:3  | Found a corrupted altar of Lugonu.
 63770 | Abyss:3  | Reached XP level 22. HP: 81/195 MP: 29/31
 64082 | Abyss:3  | Received a gift from Okawaru
 64107 | Elf:3    | Escaped the Abyss
 64657 | Elf:3    | Identified the +9 scimitar of Purpose {elec, Dex+4}
 65243 | Elf:3    | Received a gift from Okawaru
 65273 | Elf:3    | Received a gift from Okawaru
 65560 | Elf:3    | Identified the +3 mace of the Sun {vamp, rN+ MR- Str+3
                  | Int+4}
 65603 | Elf:3    | Cast into level 3 of the Abyss (a deep elf demonologist)
 65684 | Abyss:3  | Received a gift from Okawaru
 65685 | Abyss:3  | Got a shimmering centaur barding {god gift}
 65686 | Abyss:3  | Identified the +4 centaur barding of the Wasteland {rC+
                  | Str+6 Int+3} (Okawaru gifted it to you on level 3 of the
                  | Abyss)
 66068 | Elf:3    | Escaped the Abyss
 66250 | Elf:3    | Identified the +6 spear "Cyjakh" {pierce, rN+}
 66673 | Elf:3    | Identified the +9 short sword of the Fulmar {drain, rPois}
 66894 | Elf:3    | Identified Saitac's Almanac of the Glacier and Flames
 66916 | Elf:3    | Identified the Handbook of Dislocation
 66970 | Elf:3    | Identified the Handbook of Clay and the Frostbite
 66981 | Elf:3    | Identified Sif Muna's Papyrus of Necromancy and the Rocks
 67374 | Crypt:1  | Entered Level 1 of the Crypt
 67469 | Crypt:1  | Learned a level 5 spell: Silence
 68720 | Crypt:1  | Received a gift from Okawaru
 70910 | Crypt:2  | Reached XP level 23. HP: 207/207 MP: 27/32
 71193 | Crypt:2  | Received a gift from Okawaru
 71214 | Crypt:2  | Noticed Margery
 71483 | Crypt:2  | Killed Margery
 71483 | Crypt:2  | Received a gift from Okawaru
 72058 | Crypt:2  | Received a gift from Okawaru
 72111 | Crypt:2  | Identified the +3 robe "Teuparghohi" {Int+2 Dex+4} (Okawaru
                  | gifted it to you on level 2 of the Crypt)
 73236 | Crypt:3  | Entered Level 3 of the Crypt
 73741 | Crypt:3  | Noticed Sojobo
 74482 | Crypt:3  | Reached skill level 10 in Armour
 75022 | Crypt:3  | Paralysed by a vampire knight for 7 turns
 75472 | Crypt:3  | Noticed a curse toe
 75722 | Crypt:3  | Killed a curse toe
 75722 | Crypt:3  | Received a gift from Okawaru
 76130 | Crypt:3  | Received a gift from Okawaru
 76175 | Crypt:3  | Killed Sojobo
 76617 | Crypt:3  | Found an ancient bone altar of Kikubaaqudgha.
 76623 | Crypt:3  | Found a basalt altar of Yredelemnul.
 76740 | Crypt:3  | Identified the Handbook of Stolen Souls
 77408 | Crypt:3  | Found a staircase to the Tomb.
 77811 | Depths:1 | Entered Level 1 of the Depths
 77880 | Depths:1 | Received a gift from Okawaru
 77913 | Depths:1 | Found a one-way gate to the infinite horrors of the Abyss.
 77914 | Depths:1 | Found a gateway to a ziggurat.
 77916 | Depths:1 | Identified the +0 scale mail of the Kraken {Int+3 Slay+3}
                  | (You found it on level 1 of the Depths)
 78205 | Depths:1 | Received a gift from Okawaru
 78243 | Depths:1 | Identified the +3 lajatang of Ragnarok {slice, +Blink rElec
                  | rN++ Int-4} (Okawaru gifted it to you on level 1 of the
                  | Depths)
 78407 | Depths:1 | Reached XP level 24. HP: 186/217 MP: 33/33
 78910 | Depths:1 | Reached skill level 10 in Air Magic
 78917 | Depths:1 | Noticed Aizul
 79429 | Depths:1 | Killed Aizul
 79493 | Depths:1 | Found Imeupsoi's Book Emporium.
 79502 | Depths:1 | Found a one-way gate leading to the halls of Pandemonium.
 79935 | Depths:2 | Found Bacret's Magic Scroll Boutique.
 79938 | Depths:2 | Bought a scroll of acquirement for 1040 gold pieces
 79943 | Depths:2 | Identified the +3 buckler of Impermeability {*Contam rC+
                  | MR+} (You acquired it on level 2 of the Depths)
 80412 | Depths:2 | Received a gift from Okawaru
 80972 | Depths:2 | Learned a level 6 spell: Deflect Missiles
 81539 | Depths:2 | Reached skill level 5 in Charms
 81753 | Depths:2 | Noticed a juggernaut
 81771 | Depths:2 | Killed a juggernaut
 82692 | Depths:3 | Received a gift from Okawaru
 82693 | Depths:3 | Got an ichor-stained large shield {god gift}
 82698 | Depths:3 | Identified the +10 large shield of Okawaru's Approval
                  | {*Drain +Fly Int+5} (Okawaru gifted it to you on level 3 of
                  | the Depths)
 83317 | Depths:3 | Noticed Frederick
 83350 | Depths:3 | Killed Frederick
 83562 | Depths:3 | Reached XP level 25. HP: 197/224 MP: 35/35
 83722 | Depths:3 | Found the +6 arbalest "Damnation" {damnation}
 84125 | Depths:4 | Reached skill level 10 in Charms
 84261 | Depths:4 | Received a gift from Okawaru
 84695 | Depths:4 | Received a gift from Okawaru
 84705 | Depths:4 | Identified the cursed +2 falchion "Cobuc" {venom, rElec rC-
                  | MR+}
 85627 | Depths:5 | Entered Level 5 of the Depths
 86046 | Depths:5 | Received a gift from Okawaru
 86420 | Depths:5 | Received a gift from Okawaru
 86525 | Depths:5 | Received a gift from Okawaru
 86528 | Depths:5 | Identified the +3 ring mail "Radon" {rPois Str-2 Int+6
                  | SInv} (Okawaru gifted it to you on level 5 of the Depths)
 87260 | Depths:5 | Found a gate to the Realm of Zot.
 88193 | Vaults:5 | Entered Level 5 of the Vaults
 88292 | Vaults:5 | Reached XP level 26. HP: 80/237 MP: 3/35
 88361 | Vaults:4 | Received a gift from Okawaru
 89398 | Vaults:5 | Paralysed by an ogre mage for 4 turns
 89692 | Vaults:5 | Received a gift from Okawaru
 89702 | Vaults:4 | Cast into level 2 of the Abyss (a deep elf sorcerer)
 89925 | Abyss:2  | Found a corrupted altar of Lugonu.
 90221 | Abyss:2  | Gained mutation: You can translocate small distances at
                  | will. [a neqoxec]
 90369 | Vaults:4 | Escaped the Abyss
 90874 | Vaults:5 | Identified the ring of Yhomurim {rN+ Str+2 Dex+3 SInv}
 91339 | Vaults:5 | Identified the cursed +3 flail "Ucvein" {crush, rF+ MR+}
 91357 | Vaults:5 | Received a gift from Okawaru
 91781 | Vaults:5 | Received a gift from Okawaru
 91961 | Vaults:5 | Got a silver rune of Zot
 92221 | Vaults:5 | Received a gift from Okawaru
 92745 | Vaults:5 | Identified the ring of Pirenuam {*Drain rElec MR+ Int-4
                  | Dex+8}
 93267 | Vaults:5 | Identified Taniyxze's Guide on Companions
 93284 | Vaults:5 | Found the +0 Maxwell's etheric cage {RegenMP+ *Contam rElec
                  | MP+4}
 94152 | Slime:1  | Entered Level 1 of the Pits of Slime
 94560 | Slime:3  | Gained mutation: Scrolls take you a little longer to read.
                  | [a shining eye]
 94576 | Slime:3  | Received a gift from Okawaru
 94769 | Slime:5  | Entered Level 5 of the Pits of Slime
 95044 | Slime:4  | Received a gift from Okawaru
 95050 | Slime:4  | Identified the +2 centaur barding of the Beginning {MP+9
                  | Str-5 Dex+4} (Okawaru gifted it to you on level 4 of the
                  | Pits of Slime)
 95377 | Slime:5  | Found a viscous altar of Jiyva.
 95383 | Slime:5  | Found the +9 staff of Wucad Mu {channel}
 95385 | Slime:5  | Found the ring of the Octopus King
 95402 | Slime:5  | Reached XP level 27. HP: 239/249 MP: 17/35
 95512 | Slime:5  | Noticed the Royal Jelly
 95523 | Slime:5  | Killed the Royal Jelly
 95968 | Slime:5  | Got a ring of the Octopus King
 95971 | Slime:5  | Identified a ring of the Octopus King {rC+ AC+1 EV+1 Str+1
                  | Int+1 Dex+1} (You found it on level 5 of the Pits of Slime)
 95982 | Slime:5  | Got a slimy rune of Zot
 95988 | Slime:5  | Identified the ring of Paomap {*Corrode +Blink +Fly rF+}
                  | (You found it on level 5 of the Pits of Slime)
 96965 | Depths:1 | Voluntarily entered the Abyss.
 96993 | Abyss:1  | Reached skill level 15 in Hexes
 97048 | Abyss:1  | Received a gift from Okawaru
 97281 | Abyss:1  | Reached skill level 21 in Bows
 97364 | Abyss:1  | Noticed an ancient lich
 97377 | Abyss:1  | Killed an ancient lich
 97461 | Abyss:1  | Received a gift from Okawaru
 97634 | Abyss:1  | Reached skill level 22 in Bows
 97715 | Abyss:1  | Found a corrupted altar of Lugonu.
 97854 | Abyss:2  | Found a burning altar of Makhleb.
 97872 | Abyss:2  | Identified the +2 large shield "Cudd" {rC++ rN+ Regen+
                  | Int-2} (You found it on level 2 of the Abyss)
 97918 | Abyss:2  | Learned a level 5 spell: Yara's Violent Unravelling
 97926 | Abyss:3  | Paralysed by accursed screaming for 1 turns
 98017 | Depths:1 | Escaped the Abyss
 98051 | Depths:1 | Bought a manual of Transmutations for 2208 gold pieces
 98094 | Depths:1 | Voluntarily entered the Abyss.
 98137 | Abyss:1  | Reached skill level 1 in Transmutations
 98152 | Abyss:1  | Gained mutation: Your spells are a little easier to cast,
                  | but a little less powerful. [a shining eye]
 98305 | Abyss:1  | Received a gift from Okawaru
 98461 | Abyss:1  | Found a corrupted altar of Lugonu.
 98603 | Abyss:2  | Reached skill level 5 in Transmutations
 98877 | Abyss:3  | Got an abyssal rune of Zot
 98883 | Abyss:3  | Found a corrupted altar of Lugonu.
 98905 | Depths:1 | Escaped the Abyss
 98982 | Depths:1 | Lost mutation: You can translocate small distances at will.
                  | [potion of mutation]
 98982 | Depths:1 | Lost mutation: Your spells are a little easier to cast, but
                  | a little less powerful. [potion of mutation]
 98982 | Depths:1 | Lost mutation: Scrolls take you a little longer to read.
                  | [potion of mutation]
 98982 | Depths:1 | Gained mutation: You tend to lose your temper in combat.
                  | [potion of mutation]
 98982 | Depths:1 | Gained mutation: You are resistant to hostile enchantments.
                  | (MR+) [potion of mutation]
 98982 | Depths:1 | Gained mutation: You often lose your temper in combat.
                  | [potion of mutation]
 98982 | Depths:1 | Gained mutation: Your skin changes colour to match your
                  | surroundings (Stealth+). [potion of mutation]
 99026 | Depths:2 | Lost mutation: You are resistant to hostile enchantments.
                  | (MR+) [potion of mutation]
 99026 | Depths:2 | Lost mutation: You often lose your temper in combat.
                  | [potion of mutation]
 99026 | Depths:2 | Gained mutation: Scrolls take you a little longer to read.
                  | [potion of mutation]
 99026 | Depths:2 | Gained mutation: You are weak. (Str -2) [potion of
                  | mutation]
 99026 | Depths:2 | Gained mutation: Your mind is acute. (Int +2) [potion of
                  | mutation]
 99236 | D:13     | Lost mutation: Scrolls take you a little longer to read.
                  | [potion of mutation]
 99236 | D:13     | Lost mutation: You are weak. (Str -2) [potion of mutation]
 99236 | D:13     | Lost mutation: You tend to lose your temper in combat.
                  | [potion of mutation]
 99236 | D:13     | Gained mutation: Your system is resistant to poisons.
                  | (rPois) [potion of mutation]
 99236 | D:13     | Gained mutation: You are somewhat resistant to further
                  | mutation. [potion of mutation]
 99502 | Zot:1    | Entered Level 1 of the Realm of Zot
100742 | Zot:1    | Received a gift from Okawaru
100964 | Zot:1    | Received a gift from Okawaru
100964 | Zot:1    | Reached skill level 10 in Staves
101434 | Zot:1    | Received a gift from Okawaru
102221 | Zot:2    | Reached skill level 10 in Transmutations
102828 | Zot:2    | Reached skill level 10 in Spellcasting
103002 | Zot:2    | Received a gift from Okawaru
103228 | Zot:2    | Received a gift from Okawaru
104677 | Zot:3    | Received a gift from Okawaru
104678 | Zot:3    | Identified the +0 chain mail "Otoev" {rPois Int-2 Dex+2}
                  | (Okawaru gifted it to you on level 3 of the Realm of Zot)
104714 | Zot:3    | Found a transporter.
106029 | Zot:3    | Found a transporter.
106037 | Zot:3    | Identified the Incunabulum of Beguiling
106052 | Zot:3    | Cast into level 5 of the Abyss (the power of Zot)
106052 | Abyss:5  | Entered Level 5 of the Abyss
106333 | Zot:3    | Escaped the Abyss
106340 | Zot:3    | Paralysed by the power of Zot for 3 turns
107051 | Zot:4    | Learned a level 5 spell: Summon Forest
107539 | Orc:2    | Bought a manual of Translocations for 1766 gold pieces
107950 | Zot:3    | Reached skill level 1 in Summonings
109190 | Zot:5    | Entered Level 5 of the Realm of Zot
109199 | Zot:5    | Reached skill level 5 in Summonings
109406 | Zot:5    | Received a gift from Okawaru
109407 | Zot:5    | Identified the +10 crystal plate armour of Gravity {-Tele
                  | rPois Int+4 Stlth+} (Okawaru gifted it to you on level 5 of
                  | the Realm of Zot)
109529 | Zot:5    | Reached skill level 10 in Translocations
109755 | Zot:5    | Noticed an ancient lich
109755 | Zot:5    | Noticed an ancient lich
109768 | Zot:5    | Noticed an orb of fire
109777 | Zot:5    | Gained mutation: You tend to lose your temper in combat.
                  | [an orb of fire]
109788 | Zot:5    | Mangled by an Orb Guardian

Levels and vault maps discovered:
D:1:      dpeg_arrival_windows_large_door, layout_basic
D:2:      layout_basic, uniq_terence, uniq_jessica
D:3:      layout_rooms, minmay_misc_feat_encased
D:4:      layout_gridville, yredelemnul_forgotten_temple_becter, first_ration,
          minmay_bisected
D:5:      layout_basic, cheibrodos_sewer_entry_drain, basic_altar,
          kennysheep_another_room, minmay_manual_mares
D:6:      layout_loops_corners, minmay_temple_entry_slanted
D:7:      layout_cave_pods, nicolae_ossuary_entry_catacombs, uniq_menkaure
D:8:      layout_loops_ring, enter_bailey_8, grunt_dithmenos_shadows
D:9:      layout_roguey
D:10:     layout_basic, dpeg_lair_monsters, orc_david_3, basic_altar,
          grunt_livestock, uniq_fannar
D:11:     layout_roguey, portal_ice_cave_entry_pillars_2,
          hangedman_decor_opposing, uniq_nergalle, uniq_erica, uniq_harold
D:12:     layout_cave_pools, basic_altar, minivault_15, nicolae_blasting_shop
D:13:     layout_cave_pools, david_vaults_4, minmay_misc_feat_iff,
          nicolae_ru_the_path_less_chosen, uniq_sonja
D:14:     layout_basic, basic_altar, elves_outpost_lemuel, uniq_rupert,
          uniq_kirke
D:15:     grunt_enter_depths_magical_seal, layout_basic, serial_shops,
          nicolae_shop_overgrown_old_shop, fedhas_altar_2
Temple:   kilobyte_greek_temple
Lair:1:   layout_regular_city, nicolae_volcano_entry_two_sided, wad_woods_02,
          serial_bayou_shore_b
Lair:2:   layout_misc_corridors, elwin_shoals_entry_rooms,
          spider_nest_entry_rubble, minivault_19, columned_hall_lemuel,
          lemuel_fruit_tree
Lair:3:   layout_roguey [special_room_bee]
Lair:4:   layout_misc_corridors
Lair:5:   layout_layer_cave
Lair:6:   evil_forest, layout_regular_city, minmay_slime_entry_pillars,
          st_stairs_13
Shoals:1: argonaut_golden_fleece, layout_shoals, uniq_nikola
Shoals:2: layout_shoals
Shoals:3: layout_shoals, serial_shops, nicolae_shop_trees
Shoals:4: shoals_end_hangedman, layout_shoals, shoals_ilsuiw_ice,
          nicolae_shoals_siren_and_animal_friends
Spider:1: layout_chambers
Spider:2: layout_spider_delve
Spider:3: layout_spider_delve, nicolae_orb_stairs, nicolae_spider_cling_ruins
Spider:4: grunt_spider_rune_circles, uniq_roxanne
Slime:1:  layout_caves
Slime:2:  layout_caves
Slime:3:  layout_caves
Slime:4:  layout_caves
Slime:5
Orc:1:    layout_caves, serial_shops, nicolae_shop_crystal,
          nicolae_orc_damp_corner, uniq_urug, uniq_snorg
Orc:2:    st_orc_elflike, layout_diamond_mine, nicolae_alphabet_shops,
          mines2_david
Elf:1:    minmay_elf_arrival_summoners, layout_gridlike,
          hangedman_elf_disciples, kennysheep_underground_church
Elf:2:    layout_geoelf_octagon
Elf:3:    minmay_elf_hall_x, layout_geoelf_diagonals, serial_shops, shop
Vaults:1: nicolae_vaults_specimen_jars, ontoclasm_vaults_claustrophobia,
          vaults_room_guarded_vault, nicolae_vaults_little_squares_6,
          vaults_mumra_lcd, v_misc_11, grunt_vaults_focal,
          nicolae_vaults_border_crossing, vaults_room_pool,
          layout_vaults_omnicross, mu_enter_wizlab_7
Vaults:2: nicolae_vaults_shelves_hall, nicolae_vaults_big_ls, v_rooms_5,
          v_misc_24, nicolae_vaults_network_barrier,
          nicolae_vaults_three_branches, v_misc_5, ontoclasm_vaults_ring_square,
          nicolae_vaults_rhombus_7, hangedman_vaults_maws, layout_vaults_omnibox
Vaults:3: vaults_dpeg_doors, hangedman_vaults_stream,
          hangedman_vaults_corner_blocks, blue_anna_dwarven_crypt,
          ontoclasm_vaults_idyll, ontoclasm_vaults_gallery,
          dpeg_vaults_monster_box, vaults_room_stairs_pillars,
          layout_vaults_omnigrid, serial_shops, bzr_entry_water,
          nicolae_shop_temple_entry_statues_fountains
Vaults:4: grunt_vaults_diagonal, nicolae_vaults_quadrants, v_rooms_5,
          ontoclasm_vaults_chip, v_rooms_1, v_misc_26, v_alt_pattern_3,
          v_misc_2, v_misc_13, dpeg_vaults_monster_row, vaults_dpeg_ring,
          layout_vaults_ring
Vaults:5
Crypt:1:  layout_chaotic_city
Crypt:2:  layout_chaotic_city, st_burial_chamber, uniq_margery
Crypt:3:  lightli_unholy_cathedral, layout_chaotic_city,
          tomb_entry_sphere_bobbens, uniq_sojobo
Depths:1: layout_forbidden_donut, enter_ziggurat_f, hell_entry,
          hangedman_abyss_entry_splay, minmay_door_square, pan_entry,
          kennysheep_small_circle, kennysheep_random_hallway, uniq_aizul
Depths:2: minmay_the_grid_3x2 [minmay_the_grid_outer_circle,
          minmay_the_grid_embedded, minmay_the_grid_minigrid_small,
          minmay_the_grid_garden, minmay_the_grid_odd_star,
          minmay_the_grid_prize_big_room], layout_small_grid, hell_entry,
          nrook_uturn, serial_shops, nicolae_shop_window_shopping,
          serial_bayou_shore_a
Depths:3: kennysheep_scales, layout_twisted_cross,
          hangedman_decor_clover_reticule, lightli_too_deep, abyss_entry,
          rand_demon_pan_entry_4, minmay_metal_thing, uniq_frederick
Depths:4: minmay_imperfect_grid, layout_basic, pf_hell_entry_tar_spiral,
          abyss_entry_small_statue_room, minmay_misc_feat_columns
Depths:5: grunt_zot_entry_hairpin, layout_basic, rand_demon_pan_entry_9,
          abyss_entry, hangedman_coc_ice_floe, serial_bayou_ford_a,
          nrook_kobold_shadow_demons
Zot:1:    layout_misc_corridors
Zot:2:    infiniplex_zot_generator, layout_misc_corridors
Zot:3:    gammafunk_its_a_trap, layout_gridville, grunt_ministairs_6
Zot:4:    layout_misc_corridors
Zot:5:    layout_misc_corridors, nicolae_zot_crop_circle

Table legend:
 A = Non-vault XP
 B = Vault XP
 C = Vault XP percentage of total XP
 D = Non-vault monster count
 E = Vault monster count
 F = Vault count percentage of total count
                 A         B        C        D         E       F
            +---------+---------+-------+---------+---------+-------
      Total | 1178315 |  721842 |  38.0 |    2146 |     926 |  30.1
            +---------+---------+-------+---------+---------+-------
        D:1 |      38 |       0 |   0.0 |      19 |       0 |   0.0
        D:2 |      39 |      73 |  65.2 |      21 |       2 |   8.7
        D:3 |     251 |       0 |   0.0 |      22 |       0 |   0.0
        D:4 |     547 |       8 |   1.4 |      24 |       4 |  14.3
        D:5 |     496 |     219 |  30.6 |      17 |       5 |  22.7
        D:6 |     145 |       0 |   0.0 |       5 |       0 |   0.0
        D:7 |     623 |     378 |  37.8 |      20 |       7 |  25.9
        D:8 |    1472 |     116 |   7.3 |      17 |       1 |   5.6
        D:9 |    1067 |     849 |  44.3 |      22 |       1 |   4.3
       D:10 |    3290 |    4721 |  58.9 |      39 |      25 |  39.1
       D:11 |    4149 |    2933 |  41.4 |      30 |       4 |  11.8
       D:12 |    6032 |    2718 |  31.1 |      35 |       2 |   5.4
       D:13 |    8270 |    3883 |  32.0 |      37 |       6 |  14.0
       D:14 |   10461 |    9522 |  47.7 |      41 |      16 |  28.1
       D:15 |    9170 |    4172 |  31.3 |      27 |       8 |  22.9
     Lair:1 |    2588 |    1322 |  33.8 |      14 |       4 |  22.2
     Lair:2 |    4929 |     650 |  11.7 |      20 |       4 |  16.7
     Lair:3 |    9041 |    1654 |  15.5 |      32 |      23 |  41.8
     Lair:4 |    5940 |       0 |   0.0 |      22 |       0 |   0.0
     Lair:5 |    5596 |       0 |   0.0 |      18 |       0 |   0.0
     Lair:6 |   14051 |   10226 |  42.1 |      40 |      33 |  45.2
   Shoals:1 |   14861 |    3520 |  19.2 |      33 |       1 |   2.9
   Shoals:2 |   17830 |       0 |   0.0 |      36 |       0 |   0.0
   Shoals:3 |   25788 |       0 |   0.0 |      52 |       0 |   0.0
   Shoals:4 |   20969 |   30580 |  59.3 |      48 |      40 |  45.5
   Spider:1 |   12537 |       0 |   0.0 |      31 |       0 |   0.0
   Spider:2 |   19592 |       0 |   0.0 |      67 |       0 |   0.0
   Spider:3 |   11240 |    2686 |  19.3 |      29 |       5 |  14.7
   Spider:4 |   21446 |   26842 |  55.6 |      66 |      39 |  37.1
    Slime:1 |    6752 |       0 |   0.0 |      11 |       0 |   0.0
    Slime:2 |    1721 |       0 |   0.0 |       6 |       0 |   0.0
    Slime:3 |    6570 |       0 |   0.0 |       7 |       0 |   0.0
    Slime:4 |    9614 |    5023 |  34.3 |      15 |       2 |  11.8
    Slime:5 |   13746 |   31103 |  69.4 |      20 |      12 |  37.5
      Orc:1 |    1642 |    2525 |  60.6 |      31 |       3 |   8.8
      Orc:2 |    4960 |    8326 |  62.7 |      47 |      31 |  39.7
      Elf:1 |   11561 |   13050 |  53.0 |      21 |      20 |  48.8
      Elf:2 |   17217 |   23620 |  57.8 |      28 |      28 |  50.0
      Elf:3 |   18186 |   52031 |  74.1 |      33 |      34 |  50.7
   Vaults:1 |   49224 |   26684 |  35.2 |      78 |      29 |  27.1
   Vaults:2 |   31033 |   24542 |  44.2 |      47 |      41 |  46.6
   Vaults:3 |   42476 |   15987 |  27.3 |      67 |      27 |  28.7
   Vaults:4 |   25122 |   32302 |  56.3 |      44 |      35 |  44.3
   Vaults:5 |   26218 |   91615 |  77.7 |      38 |      63 |  62.4
    Crypt:1 |   31795 |     774 |   2.4 |      58 |       1 |   1.7
    Crypt:2 |   47751 |    9477 |  16.6 |      65 |      13 |  16.7
    Crypt:3 |   15281 |   57152 |  78.9 |      22 |      46 |  67.6
   Depths:1 |   42464 |    9515 |  18.3 |      53 |      10 |  15.9
   Depths:2 |   45154 |   34424 |  43.3 |      55 |      23 |  29.5
   Depths:3 |   43188 |   15556 |  26.5 |      51 |      10 |  16.4
   Depths:4 |   51427 |   26576 |  34.1 |      53 |      23 |  30.3
   Depths:5 |   48230 |   19609 |  28.9 |      58 |      19 |  24.7
      Zot:1 |   48468 |       0 |   0.0 |      34 |       0 |   0.0
      Zot:2 |   57272 |   38520 |  40.2 |      38 |      35 |  47.9
      Zot:3 |   51184 |    7573 |  12.9 |      30 |       3 |   9.1
      Zot:4 |   49018 |       0 |   0.0 |      35 |       0 |   0.0
      Zot:5 |    7878 |   19205 |  70.9 |       5 |       8 |  61.5
    Abyss:1 |   67766 |    6354 |   8.6 |      69 |       4 |   5.5
    Abyss:2 |   33008 |       0 |   0.0 |      62 |       0 |   0.0
    Abyss:3 |   30662 |   10174 |  24.9 |      65 |      14 |  17.7
    Abyss:5 |    9269 |       0 |   0.0 |      16 |       0 |   0.0
    Ossuary |       0 |     597 | 100.0 |       0 |      35 | 100.0
     Bailey |       0 |    4455 | 100.0 |       0 |      69 | 100.0
      IceCv |       0 |    5270 | 100.0 |       0 |      20 | 100.0
     WizLab |       0 |   22731 | 100.0 |       0 |      38 | 100.0
            +---------+---------+-------+---------+---------+-------
